 Dungeon Crawl Stone Soup version 0.23-a0-644-gb60d84b635 (webtiles) character file.

420 Morenatsu the Slasher (level 6, -4/51 HPs)
             Began as a Centaur Fighter on Jan 2, 2019.
             Slain by Prince Ribbit (16 damage)
             ... on level 5 of the Dungeon.
             The game lasted 00:05:47 (3903 turns).

Morenatsu the Slasher (Centaur Fighter)             Turns: 3903, Time: 00:05:48

Health: -4/51      AC:  8    Str: 21    XL:     6   Next: 62%
Magic:  6/6        EV:  7    Int:  7    God:
Gold:   185        SH:  0    Dex:  8    Spells: 5/5 levels left

rFire    + . .     SeeInvis .   a - +0 long sword
rCold    + . .     Gourm    .   (no shield)
rNeg     . . .     Faith    .   b - +0 scale mail
rPois    .         Spirit   .   i - +1 helmet
rElec    .         Reflect  .   m - scarf {rC+ rF+}
rCorr    .         Harm     .   (no gloves)
MR       .....                  (no barding)
Stlth    ..........             (no amulet)
HPRegen  0.17/turn              (no ring)
MPRegen  0.10/turn              (no ring)

@: very quick
A: large, hooves 3, deformed body, speed 2, tough skin 3
a: no special abilities


You were on level 5 of the Dungeon.
You were hungry.

You visited 1 branch of the dungeon, and saw 5 of its levels.

You collected 185 gold pieces.

Inventory:

Hand Weapons
 a - a +0 long sword (weapon)
Armour
 b - a +0 scale mail (worn)
 i - a +1 helmet (worn)
 m - a scarf of resistance (worn)
Wands
 c - a wand of disintegration (15)
Scrolls
 e - a scroll of fear
 g - 3 scrolls of enchant armour
 h - 2 scrolls of teleportation
 k - 4 scrolls of identify
 l - 5 scrolls of remove curse
 o - a scroll of immolation
Potions
 d - a potion of might
 n - 2 potions of heal wounds
Comestibles
 f - 13 rations


   Skills:
 - Level 3.0 Fighting
 + Level 6.5 Long Blades
 - Level 2.1 Armour
   Level 2.1 Shields


You had 5 spell levels left.
You didn't know any spells.
Your spell library was empty.

Dungeon Overview and Level Annotations

Branches:
Dungeon (5/15)
 Temple: D:4-7

Altars:
Qazlal
Trog

Shops:
D:4 ([

Annotations:
D:5 1 runed door, Prince Ribbit


Innate Abilities, Weirdness & Mutations

You have hooves in place of feet.
Armour fits poorly on your strangely shaped body.
You cover ground very quickly.
You have extremely tough skin. (AC +3)


Message History

You miss Prince Ribbit.
Prince Ribbit is moderately wounded.
Prince Ribbit completely misses you. Prince Ribbit hits you!
You hit Prince Ribbit. Your kick misses Prince Ribbit.
Prince Ribbit is moderately wounded.
Prince Ribbit hits you. Prince Ribbit hits you!
You closely miss Prince Ribbit.
Prince Ribbit is moderately wounded.
Prince Ribbit hits you but does no damage.
You closely miss Prince Ribbit. Your kick misses Prince Ribbit.
Prince Ribbit is moderately wounded.
Prince Ribbit blinks!
You closely miss Prince Ribbit. You kick Prince Ribbit!
Prince Ribbit is heavily wounded.
Prince Ribbit hits you!
* * * LOW HITPOINT WARNING * * *
You miss Prince Ribbit. You kick Prince Ribbit.
Prince Ribbit is heavily wounded.
Prince Ribbit barely misses you. Prince Ribbit hits you!
You die...

####.#......# ###
##...........#
+.####.#......##..#
##..#......#####<.#
###.#.....# #..#
#######.# #..# #.#
#..# ##########.#
#..# #......ยง@F.#
...# #......#####
...# #......# ...#
#.....F# #......#
##...... #......
+....... #.......


You could see Prince Ribbit.

Vanquished Creatures
  A bullfrog (D:3)
  2 scorpions (D:4)
  A jelly (D:4)
  An orc wizard (D:3)
  A hound zombie (D:2)
  4 gnolls (D:4)
  3 adders (D:3)
  2 oozes
  2 adder skeletons (D:4)
  5 worms
  4 dart slugs
  2 leopard geckos
  7 orcs (D:3)
  A giant cockroach (D:2)
  9 goblins
  5 hobgoblins
  3 jackals (D:4)
  A quokka (D:2)
  3 ball pythons
  6 bats
  4 frilled lizards
  7 kobolds
  11 rats
85 creatures vanquished.

Notes
Turn   | Place    | Note
-------+----------+-------------------------------------------
     0 | D:1      | Morenatsu the Centaur Fighter began the quest for the Orb.
     0 | D:1      | Reached XP level 1. HP: 19/19 MP: 1/1
    43 | D:1      | Reached skill level 2 in Long Blades
    71 | D:1      | Reached XP level 2. HP: 21/26 MP: 2/2
   333 | D:1      | Reached skill level 3 in Long Blades
   529 | D:1      | Reached XP level 3. HP: 31/31 MP: 3/3
  1006 | D:2      | Reached XP level 4. HP: 38/38 MP: 4/4
  1045 | D:2      | Reached skill level 4 in Long Blades
  1186 | D:2      | Noticed a moth of wrath
  1188 | D:2      | Found a bloodstained altar of Trog.
  1593 | D:3      | Noticed a bullfrog
  1607 | D:3      | Killed a bullfrog
  1607 | D:3      | Reached skill level 5 in Long Blades
  1607 | D:3      | Reached XP level 5. HP: 28/45 MP: 5/5
  1618 | D:3      | HP: 2/45 [leopard gecko (1)]
  2325 | D:4      | Noticed a crocodile
  2606 | D:4      | Reached XP level 6. HP: 10/51 MP: 6/6
  2857 | D:4      | Found Yleghal's Armour Boutique.
  2952 | D:4      | Found Najos's Weapon Emporium.
  2992 | D:4      | Found Noqia's Antique Weapon Shoppe.
  3010 | D:4      | Reached skill level 6 in Long Blades
  3349 | D:4      | Found a stormy altar of Qazlal.
  3858 | D:5      | Entered Level 5 of the Dungeon
  3871 | D:5      | Found a runed door.
  3890 | D:5      | Noticed Prince Ribbit
  3903 | D:5      | Slain by Prince Ribbit

Vault maps used:
D:1:      nzn_arrival_settlement
D:2:      tgw_trog
D:3:      first_ration, dk_noncrumbling_2
D:4:      old_standard_altar, serial_shops, shop, kennysheep_little_box,
          nicolae_shop_trees
D:5:      kennysheep_mini_moat, minmay_temple_entry_from_below_b, uniq_sigmund,
          uniq_edmund, uniq_crazy_yiuf_cottage, uniq_prince_ribbit1,
          uniq_blork_the_orc

Skill      XL: |  1  2  3  4  5  6 |
---------------+-------------------+-----
Long Blades    | 2 3 5 6 |  6.5
Fighting       | |  3.0
Armour         | |  2.1
Shields        | |  2.1

Action                   |  1- 3 |  4- 6 || total
-------------------------+-------+-------++-------
Melee: Long sword        |   107 |   160 ||   267
       Kick              |    19 |    31 ||    50
  Use: Scroll            |     5 |     4 ||     9
       Potion            |       |     2 ||     2
  Eat: Chunk             |       |     7 ||     7
Armor: Scale mail        |    82 |   109 ||   191
Dodge: Dodged            |    52 |    87 ||   139
Block: Shield            |    33 |       ||    33
       Rpst.: Long sword |    15 |    25 ||    40

Table legend:
 A = Non-vault XP
 B = Vault XP
 C = Vault XP percentage of total XP
 D = Non-vault monster count
 E = Vault monster count
 F = Vault count percentage of total count
                 A         B        C        D         E       F
            +---------+---------+-------+---------+---------+-------
      Total |     591 |       9 |   1.5 |      80 |       5 |   5.9
            +---------+---------+-------+---------+---------+-------
        D:1 |      42 |       0 |   0.0 |      21 |       0 |   0.0
        D:2 |      61 |       9 |  12.9 |      18 |       5 |  21.7
        D:3 |     216 |       0 |   0.0 |      25 |       0 |   0.0
        D:4 |     272 |       0 |   0.0 |      16 |       0 |   0.0
            +---------+---------+-------+---------+---------+-------
